 Dungeon Crawl Stone Soup version 0.29-a0-817-g9904bce7a6 (webtiles) character file.

Game seed: 5583781966678539400

6391 Pooter the Fighter (level 10, -3/64 HPs)
             Began as a Gargoyle Fighter on July 5, 2022.
             Was a Priest of Okawaru.
             Killed from afar by an oklob plant (18 damage)
             ... with a splash of acid
             ... on level 10 of the Dungeon.
             The game lasted 01:03:44 (10756 turns).

Pooter the Fighter (Gargoyle Fighter)              Turns: 10756, Time: 01:03:45

Health: -3/64      AC: 19    Str: 23    XL:     10   Next: 97%
Magic:  13/13      EV:  9    Int: 10    God:    Okawaru [***...]
Gold:   448        SH:  5    Dex:  9    Spells: 9/9 levels left

rFire   . . .      SeeInvis .   a - +3 trident (vamp)
rCold   . . .      Faith    .   c - +0 buckler
rNeg    + + .      Spirit   .   A - +3 chain mail
rPois   ∞          Reflect  .   (no helmet)
rElec   +          Harm     .   e - +1 cloak
rCorr   .          Rampage  .   (no gloves)
Will    .....                   (no boots)
Stlth   ++........              (no amulet)
HPRegen 0.20/turn               N - ring of positive energy
MPRegen 0.13/turn               D - +4 ring of protection

@: heroic, corroded
A: sickness immunity, AC +7, negative energy resistance 1, electricity
resistance, torment resistance 1, petrification resistance
a: Renounce Religion, Heroism


You were on level 10 of the Dungeon.
You worshipped Okawaru.
Okawaru was most pleased with you.
You visited 3 branches of the dungeon, and saw 12 of its levels.

You collected 476 gold pieces.
You spent 28 gold pieces at shops.

Inventory:

Hand Weapons
 a - a +3 vampiric trident (weapon)
   (You took it off a gnoll sergeant on level 5 of the Dungeon)
 b - a +0 sling
   (You found it on level 1 of the Dungeon)
 h - a +1 short sword of venom
   (You took it off a kobold on level 2 of the Dungeon)
 i - a +1 falchion of holy wrath
   (You took it off an orc on level 9 of the Dungeon)
 j - a +0 hand axe
   (You found it on level 1 of the Dungeon)
 r - a +0 trident
   (You took it off a gnoll on level 4 of the Dungeon)
 v - a +2 vorpal flail
   (You took it off an orc on level 3 of the Dungeon)
Missiles
 g - a throwing net {!f}
 o - 4 poisoned darts
 z - a boomerang of dispersal {!f}
 C - 4 curare-tipped darts
 G - 3 boomerangs
 Q - 56 stones (quivered)
Armour
 c - a +0 buckler (worn)
 e - a +1 cloak (worn)
   (You found it on level 2 of the Dungeon)
 A - a +3 chain mail (worn)
   (You found it on level 6 of the Dungeon)
Jewellery
 w - a +6 ring of intelligence
   (You found it on level 5 of the Dungeon)
 D - a +4 ring of protection (right hand)
   (You found it on level 8 of the Dungeon)
 H - a ring of flight
   (You found it on level 9 of the Dungeon)
 N - a ring of positive energy (left hand)
   (You found it on level 2 of the Dungeon)
Wands
 f - a wand of flame (17)
   (You found it on level 6 of the Dungeon)
 x - a wand of acid (5)
   (You found it on level 7 of the Dungeon)
Scrolls
 t - 8 scrolls of teleportation {@r4}
 u - a scroll of magic mapping
 y - a scroll of poison
 B - 2 scrolls of immolation {!r}
 F - 2 scrolls of amnesia
 J - a scroll of blinking
Potions
 d - 4 potions of flight
 k - a potion of mutation {unknown}
 l - 4 potions of brilliance
 m - 2 potions of heal wounds {@q2}
 n - a potion of haste {unknown}
 p - a potion of might
 q - a potion of berserk rage {unknown}
 s - 2 potions of resistance
 I - a potion of lignification {unknown}
 K - a potion of cancellation {unknown}


   Skills:
 + Level 8.1(13.1) Fighting
 - Level 6.5(11.5) Maces & Flails
 * Level 6.4(11.4) Polearms
 + Level 6.4(11.4) Ranged Weapons
 - Level 3.2(8.2) Armour
 + Level 8.0(13.0) Stealth
 - Level 3.2(8.2) Shields
 + Level 4.6 Invocations
 + Level 3.8 Evocations


You had 9 spell levels left.
You didn't know any spells.
Your spell library contained the following spells:

 Spells                   Type           Power      Damage    Failure   Level
 Magic Dart               Conj           0%         1d3       96%         1
 Sting                    Tmut/Pois      0%         1d3       96%         1
 Poisonous Vapours        Pois/Air       0%         N/A       99%         2
 Mephitic Cloud           Conj/Pois/Air  0%         N/A       100%        3
 Hailstorm                Conj/Ice       0%         3d3       100%        4
 Ice Form                 Ice/Tmut       0%         N/A       100%        4
 Olgreb's Toxic Radiance  Pois           0%         N/A       100%        4
 Call Imp                 Summ           Unusable   N/A       N/A         2
 Simulacrum               Ice/Necr       Unusable   N/A       N/A         6

Dungeon Overview and Level Annotations

Branches:
Dungeon (10/15)            Temple (1/1) D:6            Lair (0/6) D:10
    Orc (1/2) D:9

Altars:
Ashenzari
Cheibriados
Dithmenos
Elyvilon
Fedhas
Gozag
Hepliaklqana
Kikubaaqudgha
Nemelex Xobeh
Okawaru
Qazlal
Ru
Sif Muna
Trog
Uskayaw
Vehumet
Wu Jian
Xom
Yredelemnul
Zin
The Shining One

Shops:
D:7 (

Annotations:
D:10 exclusion: oklob plant


Innate Abilities, Weirdness & Mutations

You are immune to sickness and miasma.
Your stone body is resilient. (AC +7)
You are immune to poison.
You resist negative energy. (rN+)
You are resistant to electric shocks. (rElec)
You are resistant to unholy torment.
You are immune to petrification.


Message History

You open the door.
Found a dagger and a chain mail.
Found a stone staircase leading down.
Found 19 gold pieces.
There is an open door here.
You now have 414 gold pieces (gained 19).
You open the door.
There is an open door here.
Found 23 gold pieces.
You now have 437 gold pieces (gained 23).
Found 11 gold pieces.
Found a sedimented puce potion.
You now have 448 gold pieces (gained 11).
Found a staircase to the Lair.
An oklob plant comes into view.
Okay, then.
Really walk into a travel-excluded area?
The oklob plant spits acid at you. The splash of acid hits you!!
The acid corrodes you!
You gain the combat prowess of a mighty hero.
The oklob plant spits acid at you. The splash of acid hits you.
You hit the oklob plant but do no damage.
You puncture the oklob plant!
You hit the oklob plant but do no damage.
You hit the oklob plant.
You feel better.
You hit the oklob plant but do no damage.
You hit the oklob plant but do no damage.
You hit the oklob plant. You hit the oklob plant.
You feel better.
You hit the oklob plant but do no damage.
You hit the oklob plant.
You feel better.
You hit the oklob plant but do no damage.
You completely miss the oklob plant. The oklob plant spits acid at you.
The splash of acid hits you!
* * * LOW HITPOINT WARNING * * *
The acid corrodes you!
You puncture the oklob plant! You hit the oklob plant.
You feel better.
You hit the oklob plant but do no damage.
You puncture the oklob plant! The oklob plant spits acid at you.
The splash of acid hits you!
* * * LOW HITPOINT WARNING * * *
The acid corrodes you!
Unknown command.
You hit the oklob plant but do no damage.
The oklob plant spits acid at you. The splash of acid hits you!!
You die...

...##........###..#......
....#........# ##.'......
.............# ###)....[
...##........# ##.>....
.. #...#######...#......
. #..#...≈...# #......
#....#...#... #####+#
#...##.PP##. #.#.@PPPP...
#.#≈.PP>PP.≈#
..#..PPPPP!.#
#....##.PP##... ....#...#
... ...#...≈... .. #... #
####. #...


You could see an oklob plant.

Vanquished Creatures
  2 two-headed ogres
  Maurice (D:8)
  Sigmund (D:2)
  A wyvern (D:9)
  4 yaks (D:9)
  A steam dragon (D:9)
  An acid dragon (D:9)
  A water moccasin (D:5)
  An ice beast (D:5)
  6 orc warriors
  A sky beast (D:8)
  5 centaurs
  2 ogres
  3 phantoms
  A kobold brigand (D:9)
  2 bullfrogs
  A gnoll sergeant (D:5)
  2 necrophages
  A scorpion (D:5)
  9 killer bees (D:9)
  A crimson imp (D:4)
  2 gnoll boudas
  10 orc priests
  A hound (D:5)
  3 jellies (D:5)
  6 iguanas
  11 orc wizards
  15 gnolls
  3 adders
  2 shadow imps
  A white imp (D:6)
  An ufetubus (D:7)
  3 worms
  3 dart slugs
  53 orcs
  5 ball pythons
  13 endoplasms
  A giant cockroach (D:1)
  4 goblins
  6 hobgoblins
  6 jackals (D:1)
  3 quokkas
  9 bats
  2 frilled lizards
  2 hobgoblin zombies (D:4)
  11 kobolds
  2 kobold skeletons (D:4)
  2 kobold zombies (D:4)
  An orc skeleton (D:4)
  An orc zombie (D:4)
  5 rats
234 creatures vanquished.

Vanquished Creatures (others)
  2 orc wizards
  2 fungi (D:4)
4 creatures vanquished.

Grand Total: 238 creatures vanquished

Notes
Turn   | Place    | Note
-------+----------+-------------------------------------------
     0 | D:1      | Pooter the Gargoyle Fighter began the quest for the Orb.
     0 | D:1      | Reached XP level 1. HP: 14/14 MP: 1/1
   134 | D:1      | Reached XP level 2. HP: 19/19 MP: 2/2
   179 | D:1      | Reached skill level 1 in Stealth
   572 | D:1      | Found a faded altar of an unknown god.
   629 | D:1      | Reached XP level 3. HP: 18/23 MP: 3/3
  1073 | D:2      | Noticed Sigmund
  1154 | D:2      | Killed Sigmund
  1155 | D:2      | Reached skill level 1 in Ranged Weapons
  1155 | D:2      | Reached XP level 4. HP: 29/29 MP: 4/4
  1155 | D:2      | Reached XP level 5. HP: 33/33 MP: 5/5
  1549 | D:2      | Reached XP level 6. HP: 28/39 MP: 6/6
  2406 | D:3      | Found a shadowy altar of Dithmenos.
  3086 | D:4      | Found a stormy altar of Qazlal.
  3108 | D:4      | Reached XP level 7. HP: 44/44 MP: 7/7
  3409 | D:4      | Reached skill level 5 in Maces & Flails
  3554 | D:4      | Found a glowing golden altar of the Shining One.
  3569 | D:4      | Reached skill level 5 in Fighting
  3789 | D:5      | Entered Level 5 of the Dungeon
  4202 | D:5      | Reached XP level 8. HP: 50/50 MP: 8/8
  4855 | D:5      | Reached skill level 5 in Stealth
  5385 | D:5      | Reached skill level 1 in Polearms
  5657 | D:6      | Found a staircase to the Ecumenical Temple.
  5663 | Temple   | Entered the Ecumenical Temple
  5867 | Temple   | Became a worshipper of Warmaster Okawaru
  6470 | D:6      | Found an ornate altar of the Wu Jian Council.
  6903 | D:6      | Found a hazy altar of Hepliaklqana.
  7058 | D:6      | Reached XP level 9. HP: 52/56 MP: 9/9
  7831 | D:7      | Found Zecoeb's Weapon Boutique.
  7834 | D:7      | Bought 3 curare-tipped darts for 28 gold pieces
  7891 | D:7      | Reached skill level 1 in Invocations
  8053 | D:8      | Reached skill level 1 in Evocations
  8063 | D:8      | Noticed Maurice
  8073 | D:8      | Killed Maurice
  8073 | D:8      | Reached * piety under Okawaru
  8074 | D:8      | Reached skill level 5 in Ranged Weapons
  8141 | D:8      | Found a snail-covered altar of Cheibriados.
  8251 | D:8      | Identified the +0 leather armour of Halepann {Str-3 Dex+5
                  | Slay+2 Stlth+}
  8272 | D:8      | Noticed a two-headed ogre
  8283 | D:8      | Killed a two-headed ogre
  8283 | D:8      | Reached ** piety under Okawaru
  8284 | D:8      | Reached XP level 10. HP: 36/63 MP: 10/12
  8730 | D:9      | Noticed a two-headed ogre
  8740 | D:9      | Killed a two-headed ogre
  8740 | D:9      | Reached *** piety under Okawaru
  8741 | D:9      | Reached skill level 5 in Polearms
  9277 | D:9      | Found a sparkling altar of Nemelex Xobeh.
 10016 | D:9      | Found a staircase to the Orcish Mines.
 10029 | D:9      | Upgraded the game from 0.29-a0-813-g4a14ea37d6 to
                  | 0.29-a0-817-g9904bce7a6
 10035 | Orc:1    | Entered Level 1 of the Orcish Mines
 10440 | D:9      | Found a basalt altar of Yredelemnul.
 10489 | D:10     | Entered Level 10 of the Dungeon
 10733 | D:10     | Found a staircase to the Lair.
 10734 | D:10     | Noticed an oklob plant
 10756 | D:10     | Killed from afar by an oklob plant

Illustrated notes

Levels and vault maps discovered:
D:1:      lemuel_arrival_muddy, layout_basic,
          dreamdust_ecumenical_altar_angels_and_demons,
          chequers_decorated_corner, minmay_misc_feat_chi,
          chequers_serial_rivers_micro_a, minmay_misc_feat_iff
D:2:      layout_rooms, uniq_sigmund
D:3:      layout_basic, nicolae_dithmenos_through_a_glass_darkly, moated_statue
D:4:      layout_basic, mainiacjoe_overflow_boulevard,
          nicolae_tso_besieged_by_evil
D:5:      layout_loops_ring, serial_bayou_pond_e
D:6:      layout_basic, nicolae_wu_jian_immortal_techniques,
          mainiacjoe_overflow_alcove_4, minmay_temple_entry_wispy
D:7:      layout_basic, serial_shops, kennysheep_mini
D:8:      layout_rooms, mainiacjoe_overflow_cross_hatched, serial_aquarium,
          aquarium_bridge_square [aquarium_subvault_bridge,
          aquarium_subvault_bridge, aquarium_subvault_bridge,
          aquarium_subvault_wall], aquarium_window_corner, aquarium_window_1,
          aquarium_window_fake, aquarium_window_2, aquarium_view_2c,
          aquarium_view_2f, aquarium_pool_2, uniq_maurice
D:9:      layout_cave_pools, nemelex_xobeh_ov_fountains_minmay,
          kennysheep_mini_moat, david_orc_5, chequers_serial_rivers_large_b,
          hangedman_decor_clover_reticule
D:10:     layout_roguey, demons_altar, dpeg_oklobed_lair, enter_trove_0
Temple:   nicolae_temple_figure_eight
Orc:1:    layout_caves

Skill      XL: |  1  2  3  4  5  6  7  8  9 10 |
---------------+-------------------------------+-----
Stealth        | 1 2 3 4 5 6 8 |  8.0
Fighting       | 4 5 6 7 8 |  8.1
Maces & Flails | 3 4 5 6 |  6.5
Ranged Weapons | 1 2 3 4 5 6 |  6.4
Polearms       | 2 4 6 |  6.4
Invocations    | 2 4 |  4.6
Evocations     | 2 3 |  3.8
Armour         | |  3.2
Shields        | |  3.2

Action                   |  1- 3 |  4- 6 |  7- 9 | 10-12 || total
-------------------------+-------+-------+-------+-------++-------
Melee: Flail             |   111 |   137 |   185 |       ||   433
       Hand axe          |     6 |       |       |       ||     6
       Trident           |       |       |   167 |   235 ||   402
 Fire: Sling             |    28 |   102 |    69 |    35 ||   234
Throw: Stone             |     1 |       |     8 |     3 ||    12
       Dart              |       |       |     6 |     4 ||    10
       Throwing net      |       |       |     1 |       ||     1
Invok: Heroism           |       |       |     1 |    19 ||    20
Evoke: Wand              |       |       |     5 |    17 ||    22
  Use: Scroll            |     2 |     1 |    14 |     3 ||    20
       Potion            |     2 |       |     1 |     1 ||     4
Armor: Scale mail        |    90 |    85 |   148 |       ||   323
       Chain mail        |       |       |   142 |   169 ||   311
Dodge: Dodged            |    75 |    60 |   137 |   105 ||   377
Block: Buckler           |    30 |    26 |    70 |    67 ||   193

Table legend: (Time is in decaauts)
 A = Elapsed time spent in this place.
 B = Non-inter-level travel time spent in this place.
 C = Inter-level travel time spent in this place.
 D = Time resting spent in this place.
 E = Time spent auto-exploring this place.
 F = Levels seen in this place.
 G = Mean time per level.
                   A        B        C        D        E       F      G
               +--------+--------+--------+--------+--------+-----+--------+
         Total |  10930 |  10646 |    284 |   1924 |   6449 |  12 |  910.8 |
       Dungeon |  10676 |  10403 |    273 |   1924 |   6248 |  10 | 1067.6 |
        Temple |    216 |    205 |     11 |      0 |    199 |   1 |  216.0 |
  Orcish Mines |     37 |     37 |      0 |      0 |      2 |   1 |   37.0 |
               +--------+--------+--------+--------+--------+-----+--------+

Top non-repeatable levels by time:
     D:5: 1877 daAuts
     D:9: 1718 daAuts
     D:6: 1161 daAuts
     D:4: 1147 daAuts
     D:1: 1141 daAuts
     D:7: 970 daAuts
     D:3: 854 daAuts
     D:2: 835 daAuts
     D:8: 707 daAuts
    D:10: 263 daAuts
  Temple: 216 daAuts
   Orc:1: 37 daAuts
